 Dungeon Crawl Stone Soup version 0.30-a0-4-ga7cffc901d (webtiles) character file.

Game seed: 14645734992940165791

912 purpskrrrp the Ducker (level 8, -1/50 HPs)
             Began as a Djinni Necromancer on Aug 21, 2022.
             Was an Initiate of Ashenzari.
             Slain by wingedge's ghost (7 damage)
             ... on level 4 of the Dungeon.
             The game lasted 00:17:38 (5234 turns).

purpskrrrp the Ducker (Djinni Necromancer)          Turns: 5234, Time: 00:17:39

Health: -1/50      AC:  4    Str: 11      XL:     8   Next: 30%
Gold:   91         EV: 13    Int: 21      God:    Ashenzari [......] SH:  0 Dex: 11 (14)

rFire   + . .      SeeInvis +    d - +1 whip of the Blessed Realm {spect, rElec Int+4 SInv}
rCold   . . .      Faith    .    (no shield)
rNeg    . . .      Spirit   .    a - +2 robe
rPois   ∞          Reflect  .    (helmet restricted)
rElec   +          Harm     .    (no cloak)
rCorr   .          Rampage  .    (no gloves)
Will    .....      Clarity  +    (boots unavailable)
Stlth   +++.......               (no amulet)
HPRegen 0.16/turn                q - ring of ice
MPRegen 0.00/turn                (no ring)

@: flying
A: sickness immunity, fire resistance 2, cold vulnerability 1, float, innate
caster, HP casting, extra vitality 1, horns 1, clarity, strong 1, MP-powered
wands
a: Renounce Religion


You were on level 4 of the Dungeon.
You worshipped Ashenzari.
Ashenzari was noncommittal.
You visited 1 branch of the dungeon, and saw 4 of its levels.

You collected 231 gold pieces.
You spent 140 gold pieces at shops.

Inventory:

Hand Weapons
 d - the +1 whip of the Blessed Realm (weapon) {spect, rElec Int+4 SInv}
   (You took it off a kobold on level 4 of the Dungeon)

   When its wielder attacks, the weapon's spirit leaps out and strikes again.
   The spirit shares a part of any damage it takes with its wielder.
   Int:       It affects your intelligence (+4).
   rElec:     It insulates you from electricity.
   SInv:      It lets you see invisible.
Missiles
 g - 2 javelins
 j - 5 silver javelins
Armour
 a - a +2 robe (worn)
Jewellery
 q - a ring of ice (left hand)
Wands
 o - a wand of mindburst (13)
 s - a wand of flame (15)
Scrolls
 c - 3 scrolls of teleportation
 h - a scroll of poison {unknown}
 n - a scroll of brand weapon {unknown}
 p - a scroll of silence {unknown}
Potions
 b - 4 potions of curing
 e - a potion of flight
 f - a potion of cancellation
 k - a potion of mutation
 l - a potion of berserk rage
 m - a potion of might


   Skills:
 + Level 5.6 Dodging
 + Level 4.6 Stealth
 * Level 5.4 Spellcasting


You couldn't memorise any spells.
You knew the following spells:

 Your Spells              Type           Power      Damage    Failure   Level
a - Necrotise             Necr           100%       1d9       1%          1
b - Vampiric Draining     Necr           28%        2d8       3%          3
c - Animate Dead          Necr           28%        N/A       11%         4
d - Agony                 Necr           28%        N/A       30%         5
e - Slow                  Hex            100%       N/A       1%          1
f - Scorch                Fire           56%        2d8       1%          2
g - Portal Projectile     Hex/Tloc       56%        N/A       3%          3
Your spell library was empty.

Dungeon Overview and Level Annotations

Branches:
Dungeon (4/15)
 Temple: D:4-7

Altars:
Ashenzari
Nemelex Xobeh
Ru
Uskayaw
Xom

Shops:
D:4 *

Annotations:
D:4 1 transporter, wingedge's ghost, amateur MiFi


Innate Abilities, Weirdness & Mutations

You are immune to sickness and miasma.
You are immune to poison.
Your flesh is very heat resistant. (rF++)
You are vulnerable to cold. (rC-)
You float through the air rather than walking.
You learn spells naturally, not from books.
Your magical power is your life essence.
You have superior vitality. (+4 MHP)
You have a pair of small horns on your head.
You possess an exceptional clarity of mind.
Your muscles are strong. (Str +4, Int/Dex -1)
You expend health (3 HP) to strengthen your wands.


Message History

You don't know that spell.
Unknown command.
Casting: Scorch (safe; 1% risk of failure)
Confirm with . or Enter, or press ? or * to list all spells.
Flames lash the quasit.
You kill the quasit!
The quasit closely misses you. x2; The quasit completely misses you.
Casting: Scorch (safe; 1% risk of failure)
Confirm with . or Enter, or press ? or * to list all spells.
Flames lash wingedge's ghost.
Wingedge's ghost is heavily damaged.
The quasit completely misses you.
The quasit claws you but does no damage.
The quasit closely misses you. Wingedge's ghost hits you.
* * * LOW HITPOINT WARNING * * *
Casting: Scorch (safe; 1% risk of failure)
Confirm with . or Enter, or press ? or * to list all spells.
Flames lash wingedge's ghost but do no damage.
* * * LOW HITPOINT WARNING * * *
The quasit closely misses you. The quasit claws you.
* * * LOW HITPOINT WARNING * * *
You feel clumsy. The quasit closely misses you.
Wingedge's ghost closely misses you. The quasit misses you.
The quasit claws you but does no damage.
The quasit closely misses you.
Casting: Scorch (safe; 1% risk of failure)
Confirm with . or Enter, or press ? or * to list all spells.
Flames lash the quasit.
You kill the quasit!
* * * LOW HITPOINT WARNING * * *
Wingedge's ghost hits you.
* * * LOW HITPOINT WARNING * * *
Aiming: Necrotise (safe; 1% risk of failure)
Press: ? - help, Q - select action, (/) - cycle Shift-Dir - straight line, f - wingedge's ghost
Aim: wingedge's ghost (heavily damaged, more vulnerable to fire, not susceptible) Wingedge's ghost is unaffected.
* * * LOW HITPOINT WARNING * * *
Wingedge's ghost hits you!
You die...

#.##..#...5..##....<..#######.
#.##.##..#....##.#.##########.
#.##.#.#...#..©#.#.# #........
#.##.# .#.##..##.#.# #.#######
## #....##.#...#.#©...# #.# #
.######..#$#.....##.### #.# #
..##....©#[=.©#...#.# #.# #
..##.##..#..#?.W#.#.#####.# #
...#.##.##.....#@##.......# ##
...)....#..#.#...#........#
##.
...#.##.#..#.#...#..<####.#
#.# ........##.......#.#.# #.#
#.# ####.##[.###...###.#.# #.#
#.# #.###...#####...#.####.#
##. #.# #..................#
## #.###.###.##....#.###### #
#.....# #.......#.# #


You could see wingedge's ghost (combustible).

Vanquished Creatures
  Sigmund (D:2)
  2 ogres (D:4)
  2 scorpions
  3 quasits (D:4)
  A hound (D:4)
  Jessica (D:2)
  Natasha (thrice) (D:2)
  4 gnolls (D:4)
  4 adders
  3 worms
  A dart slug (D:3)
  2 orcs (D:4)
  5 endoplasms
  4 giant cockroaches
  10 hobgoblins
  2 jackals (D:4)
  3 quokkas
  4 ball pythons
  7 bats
  3 frilled lizards
  8 goblins
  10 kobolds
  3 rats
86 creatures vanquished.

Vanquished Creatures (collateral kills)
  An orc (D:4)
  A goblin (D:1)
2 creatures vanquished.

Vanquished Creatures (others)
  5 dream sheep (D:3)
5 creatures vanquished.

Grand Total: 93 creatures vanquished

Notes
Turn   | Place    | Note
-------+----------+-------------------------------------------
     0 | D:1      | purpskrrrp the Djinni Necromancer began the quest for the
                  | Orb.
     0 | D:1      | purpskrrrp set off with the following spells memorised:
                  | Necrotise, Vampiric Draining, Animate Dead, Agony.
     0 | D:1      | Reached XP level 1. HP: 15/15 MP: 0/0
   335 | D:1      | Reached XP level 2. HP: 16/21 MP: 0/0
   453 | D:1      | Found a faded altar of an unknown god.
   495 | D:1      | Prayed at the altar of an unknown god.
   495 | D:1      | Became a worshipper of Ashenzari the Shackled
   961 | D:1      | Reached XP level 3. HP: 22/25 MP: 0/0
   961 | D:1      | Learned a level 1 spell: Slow
  1514 | D:2      | Noticed a scorpion
  1521 | D:2      | Killed a scorpion
  1522 | D:2      | Reached XP level 4. HP: 18/31 MP: 0/0
  1692 | D:2      | Reached XP level 5. HP: 30/35 MP: 0/0
  1692 | D:2      | Learned a level 2 spell: Scorch
  1749 | D:2      | Noticed Jessica
  1759 | D:2      | Killed Jessica
  1998 | D:2      | Noticed Natasha
  2003 | D:2      | Killed Natasha
  2145 | D:2      | Noticed Sigmund
  2152 | D:2      | Killed Sigmund
  2153 | D:2      | Reached XP level 6. HP: 17/40 MP: 0/0
  2551 | D:2      | Noticed Natasha
  2556 | D:2      | Killed Natasha
  2640 | D:2      | Noticed Natasha
  2642 | D:2      | Killed Natasha
  2643 | D:2      | Reached XP level 7. HP: 41/45 MP: 0/0
  2643 | D:2      | Learned a level 3 spell: Portal Projectile
  3028 | D:2      | Gained mutation: Your spells are a little harder to cast,
                  | but a little more powerful. [potion of mutation]
  3028 | D:2      | Gained mutation: Your muscles are strong. (Str +4, Int/Dex
                  | -1) [potion of mutation]
  3174 | D:3      | Found a sparkling altar of Nemelex Xobeh.
  3390 | D:3      | Noticed a dream sheep
  3390 | D:3      | Noticed a dream sheep
  3390 | D:3      | Noticed a dream sheep
  3390 | D:3      | Noticed a dream sheep
  3390 | D:3      | Noticed a dream sheep
  3390 | D:3      | Found a shimmering altar of Xom.
  3393 | D:3      | Killed a dream sheep
  3394 | D:3      | Killed a dream sheep
  3394 | D:3      | Killed a dream sheep
  3394 | D:3      | Killed a dream sheep
  3394 | D:3      | Killed a dream sheep
  3518 | D:3      | Found a sacrificial altar of Ru.
  3558 | D:3      | Identified the +6 mace of the End of Times {pain, rF+
                  | Will+}
  3598 | D:3      | Found a hide-covered altar of Uskayaw.
  3615 | D:3      | Lost mutation: Your spells are a little harder to cast, but
                  | a little more powerful. [potion of mutation]
  3615 | D:3      | Lost mutation: Your muscles are strong. (Str +4, Int/Dex
                  | -1) [potion of mutation]
  3615 | D:3      | Gained mutation: You expend health (3 HP) to strengthen
                  | your wands. [potion of mutation]
  3615 | D:3      | Gained mutation: You have a pair of small horns on your
                  | head. [potion of mutation]
  3615 | D:3      | Gained mutation: You possess an exceptional clarity of
                  | mind. [potion of mutation]
  3615 | D:3      | Gained mutation: Your muscles are strong. (Str +4, Int/Dex
                  | -1) [potion of mutation]
  3863 | D:4      | Noticed wingedge's ghost (amateur MiFi)
  3911 | D:4      | Reached skill level 5 in Dodging
  4300 | D:4      | Found a transporter.
  4352 | D:4      | Identified the +1 whip of the Blessed Realm {spect, rElec
                  | Int+4 SInv}
  4499 | D:4      | Found a transporter.
  4517 | D:4      | Reached skill level 5 in Spellcasting
  4517 | D:4      | Reached XP level 8. HP: 44/50 MP: 0/0
  4718 | D:4      | Found Oced's Assorted Antiques.
  4731 | D:4      | Bought a notched golden ring for 140 gold pieces
  5234 | D:4      | Slain by wingedge's ghost

Illustrated notes

Levels and vault maps discovered:
D:1:      dpeg_arrival_pits, layout_basic, hellmonk_ecumenical_altar_zigzags
D:2:      layout_loops_cross, minmay_tetromino_s4, uniq_natasha, uniq_sigmund,
          uniq_jessica
D:3:      layout_basic, kb_xom_exploding_sheep,
          mainiacjoe_overflow_surrounded_room, nicolae_ru_path_of_blood,
          nemelex_xobeh_ov_fountains_minmay
D:4:      layout_loops_ring, gammafunk_ghost_stat_death, serial_shops, shop

Skill      XL: |  1  2  3  4  5  6  7 |
---------------+----------------------+-----
Stealth        | 2 3 4 |  4.6
Dodging        | 3 4 5 |  5.6
Spellcasting   | 4 5 |  5.4

Action                   |  1- 3 |  4- 6 |  7- 9 || total
-------------------------+-------+-------+-------++-------
Melee: Hand axe          |     3 |     1 |       ||     4
Throw: Javelin           |       |       |     3 ||     3
 Cast: Necrotise         |    53 |     6 |    34 ||    93
       Scorch            |       |    31 |    52 ||    83
Invok: Curse Item        |       |       |     1 ||     1
       Shatter the Chain |       |       |     1 ||     1
  Use: Scroll            |       |       |    11 ||    11
       Potion            |       |       |     2 ||     2
Armor: Robe              |     4 |     2 |    28 ||    34
Dodge: Dodged            |    16 |     6 |    65 ||    87

Table legend: (Time is in decaauts)
 A = Elapsed time spent in this place.
 B = Non-inter-level travel time spent in this place.
 C = Inter-level travel time spent in this place.
 D = Time resting spent in this place.
 E = Time spent auto-exploring this place.
 F = Levels seen in this place.
 G = Mean time per level.
                   A        B        C        D        E       F      G
               +--------+--------+--------+--------+--------+-----+--------+
         Total |   5234 |   5082 |    152 |    687 |   3688 |   4 | 1308.5 |
       Dungeon |   5234 |   5082 |    152 |    687 |   3688 |   4 | 1308.5 |
               +--------+--------+--------+--------+--------+-----+--------+

Top non-repeatable levels by time:
     D:2: 1579 daAuts
     D:1: 1492 daAuts
     D:4: 1377 daAuts
     D:3: 785 daAuts
